 Dungeon Crawl Stone Soup version 0.27.1 (webtiles) character file.

Game seed: 1318124793836832083

5525 BOMJPIETVODKU the Thaumaturge (level 10, -4/63 HPs)
             Began as an Octopode Earth Elementalist on Aug 29, 2021.
             Was an Initiate of Gozag.
             Slain by a boulder beetle (28 damage)
             ... on level 9 of the Dungeon.
             The game lasted 00:27:31 (12001 turns).

BOMJPIETVODKU the Thaumaturge (OpEE)               Turns: 12001, Time: 00:27:32

Health: -4/63      AC:  1    Str:  7    XL:     10   Next: 70%
Magic:  22/31      EV: 17    Int: 20    God:    Gozag
Gold:   470        SH:  0    Dex: 14    Spells: 20/26 levels left

rFire    . . .     SeeInvis .   g - +1 short sword (freeze)
rCold    . . .     Faith    .   (no shield)
rNeg     + . .     Spirit   .   (helmet restricted)
rPois    .         Reflect  .   (no amulet)
rElec    .         Harm     .   m - +4 ring of evasion
rCorr    .         Rampage  .   E - ring of positive energy
Will     .....                  x - ring of flight
Stlth    +++++.....             d - ring of magical power
HPRegen  0.20/turn              (no ring)
MPRegen  0.22/turn              (no ring)
                                (no ring)
                                (no ring)

@: flying
A: almost no armour, amphibious, 8 rings, camouflage 1, gelatinous body 1,
(nimble swimmer 1), tentacles
a: Renounce Religion, Potion Petition, Call Merchant, Bribe Branch


You were on level 9 of the Dungeon.
You worshipped Gozag.
Gozag was aware of your devotion.
You visited 2 branches of the dungeon, and saw 11 of its levels.

You collected 1276 gold pieces.
You spent 405 gold pieces at shops.
You paid 401 gold pieces to Gozag.

Inventory:

Hand Weapons
 a - a +0 club
 g - a +1 short sword of freezing (weapon)
 o - a +0 dagger of venom
 C - a +2 trident of protection
Missiles
 b - 38 stones
 h - a throwing net
 l - 53 poisoned darts
Armour
 u - a +0 hat
Magical Staves
 r - a staff of air
Jewellery
 d - a ring of magical power (on tentacle)
 m - a +4 ring of evasion (left tentacle)
 x - a ring of flight (on tentacle)
 y - a ring of fire
 E - a ring of positive energy (right tentacle)
Wands
 j - a wand of paralysis (3)
 A - a wand of iceblast (13)
 D - a wand of charming (9)
 G - a wand of flame (15)
Scrolls
 i - 4 scrolls of fog
 n - a scroll of summoning
 v - a scroll of teleportation
 w - a scroll of enchant weapon
 z - 2 scrolls of enchant armour
 F - a scroll of magic mapping
Potions
 c - a potion of attraction {unknown}
 e - 2 potions of degeneration
 f - 4 potions of flight
 k - 3 potions of berserk rage
 p - a potion of magic {unknown}
 q - 4 potions of haste
 s - 2 potions of lignification
 t - a potion of might {unknown}
 B - a potion of mutation {unknown}
 I - a potion of brilliance {unknown}
Miscellaneous
 H - a lightning rod (4/4)


   Skills:
 - Level 3.0 Fighting
 - Level 0.2 Maces & Flails
 - Level 2.1 Dodging
 - Level 8.0 Stealth
 - Level 8.8 Spellcasting
 - Level 2.0 Conjurations
 * Level 5.9 Summonings
 * Level 5.9 Translocations
 - Level 1.0 Transmutations
 - Level 7.0 Earth Magic


You had 20 spell levels left.
You knew the following spells:

 Your Spells              Type           Power      Damage    Failure   Level
a - Sandblast             Erth           72%        2d16      1%          1
b - Passwall              Tmut/Erth      20%        N/A       2%          2
c - Stone Arrow           Conj/Erth      52%        3d10      3%          3

Your spell library contained the following spells:

 Spells                   Type           Power      Damage    Failure   Level
 Apportation              Tloc           64%        N/A       1%          1
 Gell's Gravitas          Tloc           16%        N/A       1%          3
 Lesser Beckoning         Tloc           16%        N/A       1%          3
 Teleport Other           Tloc           32%        N/A       1%          3
 Magic Dart               Conj           64%        1d6       3%          1
 Searing Ray              Conj           32%        3d4       5%          2
 Freeze                   Ice            32%        1d5       8%          1
 Petrify                  Tmut/Erth      24%        N/A       16%         4
 Frozen Ramparts          Ice            16%        1d3       24%         3
 Fulminant Prism          Conj/Hex       6%         3d7       45%         4
 Hailstorm                Conj/Ice       12%        3d5       45%         4
 Alistair's Intoxication  Tmut/Pois      6%         N/A       87%         5
 Malign Gateway           Summ/Tloc      16%        N/A       99%         7
 Invisibility             Hex            4%         N/A       100%        6
 Summon Horrible Things   Summ           16%        N/A       100%        8


Dungeon Overview and Level Annotations

Branches:
Dungeon (10/15)            Temple (1/1) D:5            Lair (0/6) D:9
    Orc (0/2) D:9

Altars:
Ashenzari
Cheibriados
Dithmenos
Elyvilon
Fedhas
Gozag
Hepliaklqana
Kikubaaqudgha
Makhleb
Nemelex Xobeh
Okawaru
Qazlal
Ru
Sif Muna
Trog
Uskayaw
Vehumet
Wu Jian
Xom
Yredelemnul
Zin
The Shining One

Shops:
D:4 (   D:5 *   D:8 *


Innate Abilities, Weirdness & Mutations

You cannot wear most types of armour.
You are amphibious.
You can wear up to eight rings at the same time.
Your skin changes colour to match your surroundings (Stealth+).
Your rubbery body absorbs attacks. (AC +1, EV +1)
((You are camouflaged near water. (Stealth+)))
You have tentacles for arms and can constrict up to eight enemies at once.


Message History

Press: ? - help, Shift-Dir - straight line, f/p - boulder beetle
Aim: a boulder beetle (lightly wounded, 100% to hit)
The stone arrow hits the boulder beetle!
The boulder beetle is moderately wounded.
The boulder beetle leaps!
Casting: Stone Arrow (dangerous; 3% risk of failure)
Confirm with . or Enter, or press ? or * to list all spells.
Aiming: Stone Arrow (dangerous; 3% risk of failure)
Press: ? - help, Shift-Dir - straight line, f - necrophage, p - boulder beetle
Aim: a necrophage (71% to hit)
The stone arrow hits the necrophage!
The necrophage is severely damaged.
Casting: Stone Arrow (dangerous; 3% risk of failure)
Confirm with . or Enter, or press ? or * to list all spells.
Aiming: Stone Arrow (dangerous; 3% risk of failure)
Press: ? - help, Shift-Dir - straight line, f/p - necrophage
Aim: a necrophage (severely damaged, 71% to hit)
The stone arrow hits the necrophage!
You destroy the necrophage!
The boulder beetle curls into a ball and begins rolling!
You hit the boulder beetle. You freeze the boulder beetle.
You squeeze the boulder beetle, but do no damage.
The boulder beetle is lightly wounded.
The boulder beetle misses you.
The boulder beetle stops rolling and uncurls.
You barely miss the boulder beetle.
The boulder beetle is lightly wounded.
The boulder beetle bites you!! The boulder beetle bites you.
You hit the boulder beetle. You freeze the boulder beetle.
You squeeze the boulder beetle, but do no damage.
The boulder beetle is lightly wounded.
The boulder beetle barely misses you.
You hit the boulder beetle. You freeze the boulder beetle.
The boulder beetle is lightly wounded.
The boulder beetle bites you!
You barely miss the boulder beetle.
The boulder beetle is lightly wounded.
The boulder beetle bites you!!
You die...
Your body crumbles into a pile of gold.

##### ###...# #.....# ##.....#
##########......##############
#..........P..................
#.........................°...
#...........#...........°°....
#...........#@B.......$.......
#.............................
#.........########.........###
#.........# #..........[.
#..######.# #............
#..######.# #......####..
#.........# #......# ###
#.........# #..##..# #
#.........#


You could see a boulder beetle.

Vanquished Creatures
  A tengu warrior (D:9)
  A troll (D:9)
  Grinder (D:6)
  2 hornets (D:8)
  A shadow (D:9)
  Sigmund (D:2)
  A yak (D:9)
  2 wargs (D:9)
  2 water moccasins (D:7)
  3 orc warriors
  A sky beast (D:6)
  3 ogres
  4 necrophages
  4 centaurs
  A phantom (D:5)
  2 kobold brigands
  2 bullfrogs
  A gnoll sergeant (D:7)
  2 scorpions
  A wyvern skeleton (D:7)
  2 water moccasin skeletons
  3 wights (D:9)
  A howler monkey (D:9)
  A bullfrog zombie (D:5)
  A centaur zombie (D:9)
  A jelly (D:6)
  7 orc priests
  2 hounds
  4 centaur skeletons
  Ijyb (D:3)
  4 iguanas
  12 orc wizards
  A howler monkey zombie (D:9)
  8 gnolls
  An adder (D:5)
  2 shadow imps
  2 white imps
  2 ufetubi
  2 worms
  2 dart slugs
  36 orcs
  2 endoplasms (D:2)
  2 giant cockroaches
  4 goblins
  4 hobgoblins
  7 quokkas
  8 ball pythons
  A bat (D:2)
  5 frilled lizards
  14 kobolds
  7 rats
185 creatures vanquished.

Vanquished Creatures (others)
  An orc priest (D:8)
  2 orcs (D:8)
  2 withered plants (D:9)
5 creatures vanquished.

Grand Total: 190 creatures vanquished

Notes
Turn   | Place    | Note
-------+----------+-------------------------------------------
     0 | D:1      | BOMJPIETVODKU the Octopode Earth Elementalist began the
                  | quest for the Orb.
     0 | D:1      | Reached XP level 1. HP: 11/11 MP: 3/3
   655 | D:1      | Reached XP level 2. HP: 17/17 MP: 3/5
  1735 | D:2      | Reached XP level 3. HP: 21/21 MP: 6/6
  2116 | D:2      | Noticed Sigmund
  2124 | D:2      | Killed Sigmund
  2125 | D:2      | Reached XP level 4. HP: 10/27 MP: 0/8
  2125 | D:2      | Reached XP level 5. HP: 13/32 MP: 0/9
  2608 | D:3      | Reached skill level 5 in Stealth
  2609 | D:3      | Reached XP level 6. HP: 31/37 MP: 3/10
  2751 | D:3      | Noticed Ijyb
  2758 | D:3      | Paralysed by Ijyb for 4 turns
  2769 | D:3      | Killed Ijyb
  2770 | D:3      | Reached skill level 1 in Fighting
  3901 | D:4      | Reached skill level 5 in Earth Magic
  3901 | D:4      | Reached XP level 7. HP: 43/43 MP: 8/13
  4010 | D:4      | Found Emauquru's Antique Weapon Boutique.
  4259 | D:5      | Entered Level 5 of the Dungeon
  4601 | D:5      | Found a staircase to the Ecumenical Temple.
  4608 | Temple   | Entered the Ecumenical Temple
  4829 | Temple   | Became a worshipper of Gozag Ym Sagoz the Greedy
  5137 | D:5      | Reached skill level 5 in Spellcasting
  5137 | D:5      | Reached XP level 8. HP: 46/50 MP: 15/15
  5190 | D:5      | Found Pith's General Store.
  5256 | D:5      | Learned a level 2 spell: Passwall
  6119 | D:6      | Learned a level 3 spell: Stone Arrow
  6599 | D:6      | Noticed Grinder
  6601 | D:6      | Paralysed by Grinder for 3 turns
  6606 | D:6      | Killed Grinder
  6607 | D:6      | Reached skill level 1 in Conjurations
  6789 | D:6      | Reached XP level 9. HP: 55/55 MP: 18/18
  7370 | D:5      | Bought a scroll of teleportation for 45 gold pieces
  8247 | D:7      | Found a broken altar of Ashenzari.
  8350 | D:7      | Found a shimmering blue altar of Sif Muna.
  8505 | D:8      | Noticed a hornet
  8509 | D:8      | Killed a hornet
  8510 | D:8      | Reached skill level 1 in Summonings
  8510 | D:8      | Reached skill level 1 in Translocations
  8755 | D:8      | Found a blossoming altar of Fedhas.
  8803 | D:8      | Noticed a hornet
  8804 | D:8      | Found a radiant altar of Vehumet.
  8804 | D:8      | Found a shadowy altar of Dithmenos.
  8804 | D:8      | Found a glowing golden altar of the Shining One.
  8807 | D:8      | Killed a hornet
  8820 | D:8      | Found a snail-covered altar of Cheibriados.
  9367 | D:7      | HP: 3/82 [something (1)]
  9368 | D:7      | HP: 1/82 [something (3)]
 10016 | D:8      | Found Berunk's Demolitions Depot.
 10027 | D:8      | Bought a lightning rod (4/4) for 360 gold pieces
 10078 | D:9      | Found a staircase to the Orcish Mines.
 10356 | D:9      | Reached XP level 10. HP: 63/63 MP: 22/22
 10982 | D:9      | Noticed a boulder beetle
 10983 | D:9      | Noticed a deep elf pyromancer
 10985 | D:9      | Noticed a tengu warrior
 10987 | D:9      | Noticed a centaur warrior
 11068 | D:9      | Killed a tengu warrior
 11069 | D:9      | Reached skill level 5 in Summonings
 11069 | D:9      | Reached skill level 5 in Translocations
 11089 | D:10     | Entered Level 10 of the Dungeon
 11412 | D:9      | Found a staircase to the Lair.
 12001 | D:9      | Slain by a boulder beetle

Illustrated notes

Levels and vault maps discovered:
D:1:      dpeg_arrival_ternary, layout_basic, minivault_11, minmay_pentomino_p2
D:2:      layout_loops_corners, uniq_sigmund
D:3:      layout_loops_cross, uniq_ijyb
D:4:      layout_rooms, serial_shops,
          nicolae_shop_temple_entry_statues_fountains, serial_bayou_pond_d
D:5:      layout_cave_pods, minmay_temple_entry_wispy, serial_shops,
          nicolae_take_the_stairs, grunt_ministairs_5
D:6:      layout_layer_cave, uniq_grinder
D:7:      layout_loops_ring, lemuel_blue_sif_altar, evilmike_ruin_ashenzari
D:8:      layout_rooms, lemuel_crystal_altar, grunt_temple_overflow_open,
          nicolae_blasting_shop
D:9:      minmay_the_grid_triangle_9x9_rhombus_thin_mashed
          [minmay_the_grid_triangle_9x9_negative_grid,
          minmay_the_grid_triangle_9x9_prize_special,
          minmay_the_grid_triangle_9x9_windchime,
          minmay_the_grid_triangle_9x9_impossible_snake], layout_stronghold,
          erik_lair_orcish_takeover, orc_0_dummy, serial_undead,
          serial_undead_c, serial_undead_b, serial_undead_b, serial_undead_f
D:10:     hangedman_cross_stitches, layout_rooms, serial_shops,
          nicolae_shop_behind_doors, uniq_erolcha, uniq_maurice, uniq_urug
Temple:   regret_index_temple_generic_petals

Skill      XL: |  1  2  3  4  5  6  7  8  9 10 |
---------------+-------------------------------+-----
Stealth        | 4 5 6 7 8 |  8.0
Spellcasting   | 3 4 5 6 8 |  8.8
Earth Magic    | 4 5 6 7 |  7.0
Fighting       | 1 2 3 |  3.0
Conjurations   | 1 2 |  2.0
Summonings     | 2 5 |  5.9
Translocations | 2 5 |  5.9
Maces & Flails | |  0.2
Dodging        | |  2.1
Transmutations | |  1.0

Action                   |  1- 3 |  4- 6 |  7- 9 | 10-12 || total
-------------------------+-------+-------+-------+-------++-------
Melee: Club              |    12 |       |       |       ||    12
       Constrict         |     9 |     8 |    21 |     1 ||    39
       Tentacles         |     5 |     5 |    20 |     3 ||    33
       Short sword       |    29 |    30 |   128 |    22 ||   209
 Cast: Sandblast         |    17 |    20 |   121 |    37 ||   195
       Stone Arrow       |       |       |     3 |    39 ||    42
Invok: Potion Petition   |       |       |       |     1 ||     1
  Use: Scroll            |     6 |     2 |     6 |     1 ||    15
       Potion            |       |     1 |     7 |       ||     8
 Stab: Sleeping          |    10 |     7 |    15 |       ||    32
       Distracted        |       |       |     1 |       ||     1
Armor: Skin              |     2 |     3 |     4 |     1 ||    10
Dodge: Dodged            |    24 |    35 |   147 |    29 ||   235
